 Dungeon Crawl Stone Soup version 0.25-a0-279-g53730b6a6f (webtiles) character file.

Game seed: 10308198811597687029, levelgen mode: deterministic

3806 MoonlitKnight the Basher (level 9, -13/123 HPs)
             Began as a Minotaur Fighter on Dec 10, 2019.
             Was a Believer of Trog.
             Mangled by an orc warrior
             ... wielding a +2 battleaxe of electrocution
              (17 damage)
             ... on level 8 of the Dungeon.
             The game lasted 00:20:22 (7256 turns).

MoonlitKnight the Basher (Minotaur Fighter)         Turns: 7256, Time: 00:20:22

Health: -13/123    AC: 19    Str: 29    XL:     9   Next: 96%
Magic:  8/8        EV:  4    Int:  5    God:    Trog [**....]
Gold:   435        SH: 12    Dex: 10    Spells: 8/8 levels left

rFire    + . .     SeeInvis .   a - +3 mace (holy)
rCold    + . .     Gourm    .   c - +0 shield
rNeg     . . .     Faith    .   q - +0 gold dragon scales
rPois    +         Spirit   .   (helmet restricted)
rElec    .         Reflect  .   (no cloak)
rCorr    +         Harm     .   C - +2 pair of gloves
MR       ++...                  (no boots)
Stlth    ..........             (no amulet)
HPRegen  1.30/turn              u - ring of resist corrosion
MPRegen  0.11/turn              (no ring)

@: berserking (expiring), regenerating, lightly drained, very quick
A: retaliatory headbutt, horns 2
a: Berserk, Trog's Hand, Renounce Religion


You were on level 8 of the Dungeon.
You worshipped Trog.
Trog was pleased with you.
You were very hungry.

You visited 2 branches of the dungeon, and saw 9 of its levels.

You collected 435 gold pieces.

Inventory:

Hand Weapons
 a - a +3 mace of holy wrath (weapon)
Missiles
 e - 4 javelins (quivered)
 g - 210 stones
 p - 32 sling bullets
 v - 10 boomerangs
 y - a throwing net
Armour
 c - a +0 shield (worn)
 q - +0 gold dragon scales (worn)
 C - a +2 pair of gloves (worn)
Jewellery
 t - an uncursed ring of protection from fire
 u - a ring of resist corrosion (left hand)
Wands
 s - a wand of flame (12)
Scrolls
 h - a scroll of blinking
 l - 3 scrolls of remove curse
 m - a scroll of fear {unknown}
 w - 3 scrolls of teleportation
 z - 2 scrolls of identify
 A - a scroll of enchant weapon
 D - a scroll of random uselessness {unknown}
 E - a scroll of fog {unknown}
 F - a scroll of enchant armour {unknown}
Potions
 d - a potion of might
 i - 2 potions of brilliance
 j - a potion of cancellation {unknown}
 o - a potion of agility
 r - 3 potions of curing
 x - 2 potions of heal wounds
 B - 2 potions of lignification
Comestibles
 b - 12 chunks of flesh
 f - 11 rations


   Skills:
 + Level 8.5(8.4) Fighting
 * Level 11.0(10.8) Maces & Flails
 + Level 8.6(8.4) Armour
 + Level 8.5(8.4) Shields


You had 8 spell levels left.
You didn't know any spells.
Your spell library contained the following spells:

 Spells                   Type           Power        Failure   Level  Hunger
 Beastly Appendage        Tmut           #.....       100%        1    ##.....
 Corona                   Hex            #......      100%        1    ##.....
 Ensorcelled Hibernation  Hex/Ice        #.....       100%        2    ###....
 Sticks to Snakes         Tmut           #.......     100%        2    ###....
 Confuse                  Hex            #.......     100%        3    ####...
 Dazzling Flash           Conj/Hex       #.....       100%        3    ####...
 Spider Form              Tmut/Pois      #.........   100%        3    ####...
 Tukima's Dance           Hex            #.......     100%        3    ####...
 Ice Form                 Ice/Tmut       #.......     100%        4    #####..
 Blade Hands              Tmut           #.........   100%        5    ######.


Dungeon Overview and Level Annotations

Branches:
Dungeon (8/15)             Temple (1/1) D:5
   Lair: D:8-11

Altars:
Ashenzari
Cheibriados
Dithmenos
Elyvilon
Fedhas
Gozag
Hepliaklqana
Kikubaaqudgha
Makhleb
Nemelex Xobeh
Okawaru
Qazlal
Ru
Sif Muna
Trog
Uskayaw
Vehumet
Wu Jian
Xom
Yredelemnul
Zin
The Shining One

Shops:
D:6 (

Annotations:
D:8 1 transporter


Innate Abilities, Weirdness & Mutations

You reflexively headbutt those who attack you in melee.
You have a pair of horns on your head.


Message History

You thump the adder!
You kill the adder!
Trog accepts your kill.
Your base Maces & Flails skill increases to level 11!
The orc warrior hits you but does no damage.
Items here: )) [ † a +0 dagger; a +0 robe; a +0 flail; an orc corpse You closely miss the orc warrior.
You feel the effects of Trog's Hand fading.
You closely miss the orc warrior. Your headbutt misses the orc warrior.
The orc throws a boomerang.
You block the boomerang.
The weapon returns to the orc!
You hit the orc warrior. Your headbutt misses the orc warrior.
The orc warrior is lightly wounded.
The orc warrior hits you with a +0 trident!
* * * LOW HITPOINT WARNING * * *
You completely miss the orc warrior.
The orc warrior is lightly wounded.
The orc warrior hits you with a +2 battleaxe of electrocution!
You die...

# #.####.<)##...... #.
#.#.###.(÷.#
#.##.#.###.÷))#.≈
...............≈≈.#
#.##.#.%......≈≈..
#.............≈≈##
#...)#......./≈≈#.
#.)÷.......$..≈≈#
#@).....).....≈≈#
......oo............≈≈#
#.#.#.#.#...........≈
.................
.................
#...#...#.####.(=.
..........# ... #..
.......


You could see 2 orc warriors.

Vanquished Creatures
  Grinder (D:5)
  A hungry ghost (D:7)
  A water moccasin (D:5)
  A phantom (D:7)
  An ice beast (D:7)
  A black bear (D:7)
  3 ogres
  6 centaurs
  4 bullfrogs
  4 scorpions
  7 wights
  5 killer bees (D:7)
  A howler monkey (D:5)
  2 jellies (D:7)
  4 crimson imps
  5 orc priests
  3 hounds
  8 orc wizards
  3 iguanas
  4 worker ants
  2 hound skeletons
  2 worker ant zombies
  17 adders
  11 gnolls (D:4)
  2 shadow imps
  3 oozes
  An adder zombie (D:6)
  2 adder skeletons (D:4)
  5 worms
  7 leopard geckos
  32 orcs
  2 ball pythons (D:4)
  7 giant cockroaches
  8 goblins
  6 hobgoblins
  20 jackals
  4 quokkas
  12 bats
  5 frilled lizards
  A giant cockroach zombie (D:5)
  A jackal zombie (D:3)
  10 kobolds
  A leopard gecko skeleton (D:5)
  9 rats
235 creatures vanquished.

Vanquished Creatures (others)
  A dart slug (D:3)
  A frilled lizard (D:3)
2 creatures vanquished.

Grand Total: 237 creatures vanquished

Notes
Turn   | Place    | Note
-------+----------+-------------------------------------------
     0 | D:1      | MoonlitKnight the Minotaur Fighter began the quest for the
                  | Orb.
     0 | D:1      | Reached XP level 1. HP: 19/19 MP: 0/0
   259 | D:1      | Reached XP level 2. HP: 27/27 MP: 1/1
   597 | D:1      | Reached skill level 3 in Maces & Flails
  1040 | D:2      | Reached XP level 3. HP: 24/33 MP: 2/2
  2059 | D:3      | Reached XP level 4. HP: 40/40 MP: 3/3
  2168 | D:3      | Reached skill level 4 in Maces & Flails
  2887 | D:4      | Reached XP level 5. HP: 17/47 MP: 4/4
  3483 | D:4      | Reached skill level 5 in Maces & Flails
  3574 | D:4      | Reached XP level 6. HP: 37/55 MP: 5/5
  3615 | D:4      | Reached skill level 5 in Fighting
  3892 | D:4      | Reached skill level 5 in Armour
  3899 | D:4      | Reached skill level 5 in Shields
  4306 | D:5      | Entered Level 5 of the Dungeon
  4312 | D:5      | Reached skill level 6 in Maces & Flails
  4312 | D:5      | Reached XP level 7. HP: 49/61 MP: 6/6
  4390 | D:5      | You fall into a shaft and drop 2 floors!
  4453 | D:7      | Reached skill level 7 in Maces & Flails
  4689 | D:6      | Found a snail-covered altar of Cheibriados.
  4821 | D:6      | Reached XP level 8. HP: 70/70 MP: 7/7
  5062 | D:6      | Reached skill level 8 in Maces & Flails
  5101 | D:5      | Found a staircase to the Ecumenical Temple.
  5119 | Temple   | Entered the Ecumenical Temple
  5301 | Temple   | Became a worshipper of Trog the Wrathful
  5521 | D:5      | Noticed Grinder
  5549 | D:5      | Killed Grinder
  5549 | D:5      | Reached skill level 9 in Maces & Flails
  5714 | D:5      | Reached XP level 9. HP: 68/79 MP: 8/8
  5715 | D:5      | Reached * piety under Trog
  5820 | D:5      | Found a glowing silver altar of Zin.
  5859 | D:6      | Found Hacy's Weapon Shop.
  6517 | D:7      | Reached skill level 10 in Maces & Flails
  6941 | D:7      | Found a shadowy altar of Dithmenos.
  7190 | D:8      | Found a transporter.
  7229 | D:8      | Reached ** piety under Trog
  7248 | D:8      | HP: 6/123 [orc warrior/+0 trident (10)]
  7251 | D:8      | Reached skill level 11 in Maces & Flails
  7255 | D:8      | HP: 3/123 [orc warrior/+0 trident (8)]
  7256 | D:8      | Mangled by an orc warrior

Levels and vault maps discovered:
D:1:      wheals_arrival_linesprint, layout_loops_corners
D:2:      layout_basic, first_ration, chequers_serial_rivers_small_a
D:3:      layout_basic, lemuel_old_faithful
D:4:      minmay_general_purpose_star, layout_basic
D:5:      layout_rooms, kennysheep_mini, minmay_temple_entry_statues_pillars,
          uniq_grinder
D:6:      layout_rooms, basic_altar, serial_shops, shop, grunt_ministairs_15,
          dk_noncrumbling_4, corexii_hall_statues_deadend
D:7:      layout_basic, amethyst_killhole, grunt_dithmenos_shadows
D:8:      layout_basic, gammafunk_ghost_gnarly_gnolls
Temple:   minmay_crystal_snake_temple

Skill      XL: |  1  2  3  4  5  6  7  8  9 |
---------------+----------------------------+-----
Maces & Flails | 3 4 5 6 7 9 11 | 11.0
Fighting       | 4 5 6 7 8 |  8.5
Armour         | 4 5 6 7 8 |  8.6
Shields        | 4 5 6 7 8 |  8.5

Action                   |  1- 3 |  4- 6 |  7- 9 || total
-------------------------+-------+-------+-------++-------
Melee: Flail             |   105 |   157 |       ||   262
       Headbutt          |    13 |    37 |    52 ||   102
       Mace              |       |   111 |   404 ||   515
Throw: Javelin           |       |     4 |       ||     4
Invok: Berserk           |       |       |     3 ||     3
       Trog's Hand       |       |       |     1 ||     1
  Use: Scroll            |     2 |     3 |     6 ||    11
       Potion            |       |       |     1 ||     1
  Eat: Chunk             |     4 |     7 |    12 ||    23
Armor: Scale mail        |    55 |    13 |       ||    68
       Gold dragon scale |       |   213 |   270 ||   483
Dodge: Dodged            |    41 |    20 |    33 ||    94
Block: Shield            |    70 |   171 |   204 ||   445

Table legend:
 A = Non-vault XP
 B = Vault XP
 C = Vault XP percentage of total XP
 D = Non-vault monster count
 E = Vault monster count
 F = Vault count percentage of total count
                 A         B        C        D         E       F
            +---------+---------+-------+---------+---------+-------
      Total |    4814 |     624 |  11.5 |     228 |       7 |   3.0
            +---------+---------+-------+---------+---------+-------
        D:1 |      33 |       0 |   0.0 |      23 |       0 |   0.0
        D:2 |      52 |       0 |   0.0 |      16 |       0 |   0.0
        D:3 |      87 |       0 |   0.0 |      35 |       0 |   0.0
        D:4 |     400 |      83 |  17.2 |      38 |       4 |   9.5
        D:5 |     919 |     295 |  24.3 |      34 |       1 |   2.9
        D:6 |     995 |     115 |  10.4 |      35 |       1 |   2.8
        D:7 |    1646 |     131 |   7.4 |      31 |       1 |   3.1
        D:8 |     682 |       0 |   0.0 |      16 |       0 |   0.0
            +---------+---------+-------+---------+---------+-------
